 Dungeon Crawl Stone Soup version 0.18-a0-1745-gffa9a88 (webtiles) character file.

20391 Wizbit the Blocker (level 12, -2/99 HPs)
             Began as a Deep Dwarf Fighter on Apr 12, 2016.
             Was a High Priest of Qazlal.
             Slain by a sun demon (13 damage)
             ... summoned by a deep elf demonologist
             ... on level 1 of the Elven Halls.
             The game lasted 01:24:35 (9375 turns).

Wizbit the Blocker (Deep Dwarf Fighter)             Turns: 9375, Time: 01:24:35

Health: -2/99      AC: 23    Str: 27    XL:     12   Next: 44%
Magic:  0/0        EV: 11    Int:  9    God:    Qazlal [*****.]
Gold:   718        SH: 11    Dex: 12    Spells: 0 memorised, 11 levels left

rFire  + . .     SeeInvis .     P - +2 battleaxe (chop)
rCold  . . .     Gourm    .     L - +2 plate armour {rPois}
rNeg   . . .     Faith    .     (shield currently unavailable)
rPois  +         Spirit   .     O - +0 helmet
rElec  .         Dismiss  .     i - +0 cloak
rCorr  .         Reflect  +     N - +2 pair of gloves {archery}
SustAt .         Harm     .     s - +0 pair of boots
MR     +....                    G - +5 amulet of reflection
Stlth  ..........               (no ring)
                                o - ring of wizardry

@: protected from fire, very slightly contaminated, non-regenerating, hasted,
repel missiles, very quick, somewhat resistant to hostile enchantments,
extremely unstealthy
A: damage resistance, recharge devices, camouflage 1, frail 1, sense
surroundings 2, slow regeneration 3, strong 1, sturdy frame 1
a: Device Recharging, Upheaval, Elemental Force, Disaster Area, Renounce
Religion


You were on level 1 of the Elven Halls.
You worshipped Qazlal.
Qazlal was extremely pleased with you.
You were not hungry.

You visited 3 branches of the dungeon, and saw 12 of its levels.

You collected 1377 gold pieces.
You spent 659 gold pieces at shops.

Inventory:

Hand Weapons
 q - a +0 hand crossbow
 z - a +3 war axe of venom
 P - a +2 battleaxe of chopping (weapon)
Armour
 c - a +0 shield
 i - a +0 cloak (worn)
 s - a +0 pair of boots (worn)
 L - a +2 plate armour of poison resistance (worn)
 N - a +2 pair of gloves of archery (worn)
 O - a +0 helmet (worn)
Jewellery
 o - a ring of wizardry (left hand)
 E - a cursed ring of teleportation {unknown}
 G - a +5 amulet of reflection (around neck)
Wands
 a - a wand of acid (15/15)
 e - a wand of heal wounds (0/9)
 u - a wand of lightning (7/15)
 v - a wand of acid (9/15)
 y - a wand of flame (40/48)
 B - a wand of slowing (43/48)
 F - a wand of iceblast (15/15)
 H - a wand of lightning (12/15)
 J - a wand of hasting (8/9)
 K - a wand of disintegration (7/24)
Scrolls
 b - a scroll of fog
 l - 3 scrolls of remove curse
 n - 2 scrolls of magic mapping
Potions
 d - 2 potions of might
 g - 6 potions of curing
 h - 3 potions of invisibility {unknown}
 j - 2 potions of resistance
 k - a potion of heal wounds
 m - 3 potions of degeneration {unknown}
 r - a potion of mutation {unknown}
 t - a potion of agility {unknown}
 w - 2 potions of flight {unknown}
 x - 3 potions of cancellation
 D - a potion of brilliance {unknown}
Books
 I - a book of Beasts

   Spells                             Type                      Level
   a - Summon Butterflies             Summoning                    1
   b - Call Canine Familiar           Summoning                    3
   c - Summon Ice Beast               Ice/Summoning                4
   d - Summon Mana Viper              Hexes/Summoning              5
   e - Summon Hydra                   Summoning                    7
Miscellaneous
 M - a fan of gales
 Q - a crystal ball of energy
Comestibles
 f - 4 bread rations
 A - a meat ration
 C - 3 beef jerkies


   Skills:
 * Level 8.2 Fighting
   Level 4.4 Long Blades
 + Level 9.7 Axes
 + Level 2.0 Crossbows
 * Level 8.6 Armour
 + Level 5.8 Dodging
 + Level 8.4 Stealth
 + Level 10.8 Shields
 * Level 4.0 Invocations
 * Level 8.9 Evocations


You had 11 spell levels left.
You didn't know any spells.

Dungeon Overview and Level Annotations

Branches:
Dungeon (9/15)             Temple (0/1) D:7             Orc (2/2) D:9
    Elf (1/3) Orc:2
   Lair: D:8-11

Altars:
Dithmenos
Fedhas
Kikubaaqudgha
Okawaru
Qazlal
Vehumet
The Shining One
Beogh

Shops:
D:5 =   D:6 :   D:8 %   Orc:2 *:[(


Innate Abilities, Weirdness & Mutations

You are resistant to damage.
You can recharge devices by infusing magical energy.
You passively map the area around you.
You do not regenerate naturally.
Your skin changes colour to match your surroundings (Stealth).
You are frail (-10% HP).
Your muscles are strong. (Str +2)
Your movements are slightly less encumbered by armour (ER -2).


Message History

The sun demon is moderately wounded.
The sun demon hits you!
* * * LOW HITPOINT WARNING * * *
You are engulfed in flames!
You resist.
You feel more protected from fire.
* * * LOW HITPOINT WARNING * * *
Drink which item? (? for menu, Esc to quit)
You feel much better. The sun demon hits you!
* * * LOW HITPOINT WARNING * * *
You are engulfed in flames.
You resist.
* * * LOW HITPOINT WARNING * * *
Drink which item? (? for menu, Esc to quit)
You feel yourself speed up. The sun demon hits you!
* * * LOW HITPOINT WARNING * * *
You are engulfed in flames.
You resist.
* * * LOW HITPOINT WARNING * * *
You are very lightly contaminated with residual magic.
Drink which item? (? for menu, Esc to quit)
You feel better. The sun demon hits you!
You die...

, , * * , * , * , #. * * #######
*,#. * ** ##.....## ###. ,*
##.......' ,##..e##+## *
#......... ##2.*e#...+#
#.........
##..EE3#...e##########..}.8....
*#.eeee)#E..313@......'.........
,,, *#E...3##########......... ,
, +#...+# ##.......' , * #####,*
##.....## * * ######## *+ * * *
,, * , , * * * * , , ,* #### ,,
,+ , , , , , .....


You could see a Brimstone Fiend, 2 sun demons, a deep elf demonologist, 2 earth
elementals and a smoke demon.

Vanquished Creatures
  A deep elf sorcerer (Elf:1)
  An orc warlord (Orc:2)
  Josephine (Orc:2)
  The ghost of grom234 the Cleaver, a journeyman HOFi of Beogh (Orc:2)
  A dancing weapon (Elf:1)
  An orc high priest (Orc:2)
  4 deep elf knights (Elf:1)
  4 orc knights
  A deep elf archer (Elf:1)
  6 deep elf magi (Elf:1)
  2 orc sorcerers (Orc:2)
  A cyclops (Orc:1)
  The ghost of pedritolo the Chucker, an amateur OgHu (D:4)
  A troll (Orc:2)
  An air elemental (Elf:1)
  5 wraiths (Orc:2)
  Eustachio (D:4)
  2 hippogriffs
  2 hungry ghosts
  3 wargs
  Menkaure (D:6)
  Duvessa (D:4)
  26 orc warriors
  A sky beast (D:8)
  A wasp (D:8)
  A phantom (D:5)
  4 centaurs
  5 ogres
  4 giant frogs
  A gnoll sergeant (D:7)
  Dowan (D:4)
  2 scorpions
  10 killer bees
  3 wights (D:9)
  2 crimson imps (D:7)
  A howler monkey (D:5)
  15 orc priests
  A jelly (D:9)
  18 orc wizards
  A hound (D:4)
  2 giant frog skeletons
  2 iguanas (D:7)
  Ijyb (D:2)
  Natasha (thrice) (D:3)
  5 worker ants
  4 sheep (Orc:1)
  A killer bee zombie (D:7)
  2 hound skeletons
  Robin (D:4)
  15 gnolls
  14 adders
  2 shadow imps
  An ooze (D:1)
  An adder zombie (D:9)
  A worm (D:3)
  3 dart slugs
  4 giant geckos
  53 orcs
  2 ball pythons
  12 giant cockroaches
  15 goblins
  11 hobgoblins
  12 kobolds
  3 quokkas
  12 bats
  2 giant newts (D:1)
  9 rats
  9 withered plants (D:2)
341 creatures vanquished.

Vanquished Creatures (others)
  A deep elf archer (Elf:1)
  A centaur (D:9)
  An orc priest (Orc:1)
3 creatures vanquished.

Grand Total: 344 creatures vanquished

Notes
Turn   | Place    | Note
--------------------------------------------------------------
     0 | D:1      | Wizbit the Deep Dwarf Fighter began the quest for the Orb.
     0 | D:1      | Reached XP level 1. HP: 20/20 MP: 1/1
   206 | D:1      | Reached XP level 2. HP: 14/27 MP: 2/2
   624 | D:1      | Reached skill level 1 in Dodging
   624 | D:1      | Reached XP level 3. HP: 31/33 MP: 3/3
  1014 | D:2      | Noticed Ijyb
  1024 | D:2      | Killed Ijyb
  1024 | D:2      | Reached skill level 4 in Shields
  1076 | D:2      | Found an ancient bone altar of Kikubaaqudgha.
  1082 | D:2      | Reached XP level 4. HP: 35/40 MP: 4/4
  1903 | D:2      | Found a radiant altar of Vehumet.
  1903 | D:2      | Found a stormy altar of Qazlal.
  1910 | D:2      | Became a worshipper of Qazlal Stormbringer
  2186 | D:3      | Reached XP level 5. HP: 43/48 MP: 5/5
  2493 | D:3      | Noticed Natasha
  2505 | D:3      | Killed Natasha
  2525 | D:3      | Noticed Natasha
  2535 | D:3      | Killed Natasha
  2635 | D:3      | Reached XP level 6. HP: 35/56 MP: 6/6
  2680 | D:3      | Reached * piety under Qazlal
  2806 | D:3      | Noticed Natasha
  2812 | D:3      | Killed Natasha
  2981 | D:4      | Noticed pedritolo's ghost (amateur OgHu)
  3020 | D:4      | Killed pedritolo's ghost
  3020 | D:4      | Reached skill level 5 in Armour
  3020 | D:4      | Reached skill level 5 in Shields
  3020 | D:4      | Reached skill level 1 in Evocations
  3020 | D:4      | Reached XP level 7. HP: 24/62 MP: 7/7
  3046 | D:4      | Noticed Eustachio
  3090 | D:4      | Killed Eustachio
  3310 | D:4      | Reached XP level 8. HP: 29/72 MP: 9/9
  3399 | D:4      | Noticed Robin
  3411 | D:4      | Killed Robin
  3445 | D:4      | Reached skill level 6 in Shields
  3634 | D:4      | Noticed Dowan
  3642 | D:4      | Noticed Duvessa
  3653 | D:4      | Killed Dowan
  3655 | D:4      | Killed Duvessa
  3861 | D:5      | Entered Level 5 of the Dungeon
  3877 | D:5      | Reached skill level 1 in Stealth
  4011 | D:5      | Found Tanueb's Jewellery Boutique.
  4047 | D:5      | Reached skill level 1 in Axes
  4231 | D:5      | Reached ** piety under Qazlal
  4249 | D:5      | Found a glowing golden altar of the Shining One.
  4862 | D:5      | Bought a +5 amulet of reflection for 275 gold pieces
  4878 | D:6      | Found Liegum's Book Shop.
  5266 | D:6      | Noticed Menkaure
  5271 | D:6      | Killed Menkaure
  5271 | D:6      | Gained mutation: You passively map the area around you. [Deep Dwarf growth]
  5271 | D:6      | Reached XP level 9. HP: 79/79 MP: 7/7
  5273 | D:6      | Reached skill level 5 in Dodging
  5390 | D:7      | Found a staircase to the Ecumenical Temple.
  5441 | D:7      | Reached skill level 5 in Fighting
  5465 | D:7      | Reached skill level 7 in Shields
  5718 | D:7      | Found a blossoming altar of Fedhas.
  5898 | D:7      | Found a sand-covered staircase.
  6144 | D:7      | Reached skill level 5 in Evocations
  6164 | D:7      | Reached *** piety under Qazlal
  6226 | D:7      | Found a shadowy altar of Dithmenos.
  6462 | D:8      | Found Cang's Food Shop.
  6472 | D:8      | Reached skill level 5 in Stealth
  6664 | D:8      | Reached XP level 10. HP: 74/91 MP: 10/10
  6725 | D:8      | Gained mutation: Your muscles are strong. (Str +2) [mutagenic meat]
  6726 | D:8      | Gained mutation: You are frail (-10% HP). [mutagenic meat]
  6728 | D:8      | Gained mutation: Your movements are slightly less encumbered by armour (ER -2). [mutagenic meat]
  6729 | D:8      | Gained mutation: Your skin changes colour to match your surroundings (Stealth). [mutagenic meat]
  7151 | D:8      | Reached skill level 8 in Shields
  7284 | D:9      | Reached skill level 5 in Axes
  7306 | D:9      | Found an iron altar of Okawaru.
  7561 | D:9      | Found a staircase to the Orcish Mines.
  7575 | Orc:1    | Entered Level 1 of the Orcish Mines
  7744 | Orc:1    | Noticed an orc knight
  7764 | Orc:1    | Killed an orc knight
  7787 | Orc:1    | Reached **** piety under Qazlal
  7803 | Orc:1    | Noticed a cyclops
  7822 | Orc:1    | Killed a cyclops
  7937 | Orc:1    | Reached skill level 9 in Shields
  8218 | Orc:2    | Entered Level 2 of the Orcish Mines
  8405 | Orc:2    | Noticed Josephine
  8406 | Orc:2    | Noticed an orc high priest
  8408 | Orc:2    | Noticed an orc sorcerer
  8411 | Orc:2    | Noticed an orc knight
  8418 | Orc:2    | Killed an orc high priest
  8418 | Orc:2    | Reached XP level 11. HP: 59/89 MP: 2/2
  8424 | Orc:2    | Killed Josephine
  8425 | Orc:2    | Killed an orc sorcerer
  8433 | Orc:2    | Reached ***** piety under Qazlal
  8433 | Orc:2    | Killed an orc knight
  8492 | Orc:2    | Noticed grom234's ghost (journeyman HOFi)
  8513 | Orc:2    | Killed grom234's ghost
  8513 | Orc:2    | Reached skill level 10 in Shields
  8524 | Orc:2    | Noticed an orc knight
  8525 | Orc:2    | Noticed an orc warlord
  8543 | Orc:2    | Killed an orc warlord
  8544 | Orc:2    | Noticed an orc knight
  8549 | Orc:2    | Killed an orc knight
  8557 | Orc:2    | Killed an orc knight
  8597 | Orc:2    | Found a roughly hewn altar of Beogh.
  8599 | Orc:2    | Noticed an orc sorcerer
  8610 | Orc:2    | Paralysed by an orc sorcerer for 2 turns
  8614 | Orc:2    | Killed an orc sorcerer
  8623 | Orc:2    | Found Siatuut's Antique Weapon Shoppe.
  8647 | Orc:2    | Found Woets's Book Shoppe.
  8656 | Orc:2    | Found Gang's Antique Armour Shoppe.
  8672 | Orc:2    | Found Eleruc's General Store.
  8685 | Orc:2    | Bought a +0 helmet for 54 gold pieces
  8685 | Orc:2    | Bought a scroll of enchant armour for 90 gold pieces
  8685 | Orc:2    | Bought a crystal ball of energy for 240 gold pieces
  8712 | Orc:2    | Found a roughly hewn altar of Beogh.
  8728 | Orc:2    | Found a staircase to the Elven Halls.
  9122 | Elf:1    | Entered Level 1 of the Elven Halls
  9126 | Elf:1    | Noticed a deep elf mage
  9127 | Elf:1    | Noticed a deep elf mage
  9128 | Elf:1    | Noticed a battleaxe of chopping
  9129 | Elf:1    | Noticed a deep elf knight
  9145 | Elf:1    | Killed a battleaxe of chopping
  9145 | Elf:1    | Reached skill level 1 in Crossbows
  9145 | Elf:1    | Reached skill level 1 in Invocations
  9145 | Elf:1    | Reached XP level 12. HP: 37/99 MP: 1/1
  9340 | Elf:1    | Noticed a deep elf demonologist
  9343 | Elf:1    | Noticed an Ice Fiend
  9346 | Elf:1    | Noticed a deep elf sorcerer
  9358 | Elf:1    | Killed a deep elf sorcerer
  9364 | Elf:1    | Noticed a balrug
  9370 | Elf:1    | Noticed a Brimstone Fiend
  9372 | Elf:1    | HP: 1/99 [sun demon[a deep elf demonologist] (8)]
  9375 | Elf:1    | Slain by a sun demon

Vault maps used:
D:1:      dpeg_arrival_round_b, minmay_liquid_box
D:2:      kiku_gazebo_garden_becter, gammafunk_temple_overflow_wave,
          grunt_ministairs_11, nrook_mini_vaults, uniq_iyjb
D:3:      first_bread, uniq_natasha
D:4:      minmay_misc_feat_pillars, uniq_eustachio, uniq_robin, uniq_duvessa
D:5:      basic_altar, serial_shops, shop
D:6:      serial_shops, shop, serial_curves, eino_curves_03, eino_curves_04,
          eino_curves_02, uniq_menkaure
D:7:      nicolae_dithmenos_the_darkroom, fedhas_bush_and_centaur_altar,
          temple_statues, enter_ossuary_5
D:8:      serial_shops, shop
D:9:      kennysheep_ambush_hall, okawaru_trees_2, orc_0_dummy
Orc:2:    grunt_orc_cross, basic_altar, uniq_josephine
Elf:1:    serial_shops, shop, minmay_elf_crystal_hexagon, grunt_ministairs_6

Skill      XL: |  1  2  3  4  5  6  7  8  9 10 11 12 |
---------------+-------------------------------------+-----
Dodging        | 1 2 3 4 5 |  5.8
Armour         | 4 5 6 7 8 |  8.6
Shields        | 4 5 6 7 9 10 | 10.8
Fighting       | 3 4 5 6 7 8 |  8.2
Long Blades    | 3 4 |  4.4
Evocations     | 1 3 5 7 8 |  8.9
Stealth        | 3 5 7 8 |  8.4
Axes           | 2 4 7 9 |  9.7
Crossbows      | 1 2 |  2.0
Invocations    | 1 4 |  4.0

Action                   |  1- 3 |  4- 6 |  7- 9 | 10-12 || total
-------------------------+-------+-------+-------+-------++-------
Melee: Long sword        |   144 |   399 |   107 |       ||   650
       War axe           |       |       |   308 |   313 ||   621
       Battleaxe         |       |       |       |    51 ||    51
 Abil: Device Recharging |       |       |     4 |    14 ||    18
Evoke: Wand              |     1 |     4 |    18 |    29 ||    52
  Use: Scroll            |     3 |     6 |     8 |     2 ||    19
       Potion            |       |       |       |     3 ||     3
  Eat: Bread ration      |       |     2 |     3 |     1 ||     6
       Meat ration       |       |       |     1 |     1 ||     2
       Chunk             |       |       |       |     5 ||     5
